 Dungeon Crawl Stone Soup version 0.26-a0-394-g0b5ff556b1 (webtiles) character file.

Game seed: 16404431182795615031

72 MaCx the Stinger (level 4, -2/33 HPs)
             Began as a Draconian Venom Mage on July 23, 2020.
             Slain by a worm (12 damage)
             ... on level 2 of the Dungeon on Aug 1, 2021.
             The game lasted 00:08:11 (2602 turns).

MaCx the Stinger (Draconian Venom Mage)             Turns: 2602, Time: 00:08:12

Health: -2/33      AC:  5    Str: 11    XL:     4   Next: 6%
Magic:  8/8        EV: 12    Int: 16    God:
Gold:   82         SH:  0    Dex: 11    Spells: 8/9 levels left

rFire    . . .     SeeInvis .   a - +0 club
rCold    . . .     Faith    .   (no shield)
rNeg     . . .     Spirit   .   (armour unavailable)
rPois    .         Reflect  .   (helmet restricted)
rElec    .         Harm     .   (no cloak)
rCorr    .                      (no gloves)
MR       .....                  (no boots)
Stlth    ++........             (no amulet)
HPRegen  0.11/turn              (no ring)
MPRegen  0.11/turn              (no ring)

@: no status effects
A: unfitting armour, cold-blooded, AC +5
a: no special abilities


You were on level 2 of the Dungeon.
You visited 1 branch of the dungeon, and saw 2 of its levels.

You collected 82 gold pieces.

Inventory:

Hand Weapons
 a - a +0 club (weapon)
Missiles
 d - 77 stones (quivered)
Jewellery
 f - an uncursed amulet of guardian spirit {unknown}
Scrolls
 h - a scroll of identify {unknown}
Potions
 b - 2 potions of cancellation {unknown}
 c - 3 potions of flight {unknown}
 e - 2 potions of might {unknown}
 g - a potion of stabbing {unknown}


   Skills:
 - Level 1.7 Dodging
 - Level 1.7 Stealth
 + Level 3.2 Spellcasting
 - Level 1.0 Transmutations
 + Level 4.1 Poison Magic


You had 8 spell levels left.
You knew the following spells:

 Your Spells              Type           Power        Failure   Level
a - Sting                 Tmut/Pois      ##..         6%          1

Your spell library contained the following spells:

 Spells                   Type           Power        Failure   Level
 Poisonous Vapours        Pois/Air       #.....       12%         2
 Ignite Poison            Fire/Tmut/Pois #.......     26%         3
 Mephitic Cloud           Conj/Pois/Air  #.......     30%         3
 Olgreb's Toxic Radiance  Pois           ###.....     34%         4


Dungeon Overview and Level Annotations

Branches:
Dungeon (2/15)

Altars:
Ashenzari
Ru

Annotations:
D:2 2 transporters


Innate Abilities, Weirdness & Mutations

Your plain brown scales are hard. (AC +5)
You cannot fit into any form of body armour.
You are cold-blooded and may be slowed by cold attacks.


Message History

The worm is heavily wounded.
The worm closely misses you.
You hit the worm.
The worm is heavily wounded.
The worm barely misses you.
You hit the worm but do no damage.
The worm is heavily wounded.
The worm bites you.
You hit the worm but do no damage.
The worm is heavily wounded.
The worm barely misses you.
You hit the worm.
The worm is heavily wounded.
You hit the worm.
The worm is heavily wounded.
The worm bites you!
You are too injured to fight recklessly!
You are too injured to fight recklessly!
The worm bites you!
You die...

######.##.....##+#.###
#......##......(......
#.####.#####......#...
#.####.#####......#...
#..........'......#...
####.####.#####......####
..........#####......###.
.....................##..
.###.###@............##..
#....w...###.......##.#
#.###....# #.......##.#
#........#..#####.#
#.....####..# #.# ......#
#..#####.. ......#
#.....##.#
......#......##.##.#
#......##.##.#


You could see a worm.

Vanquished Creatures
  Robin (D:2)
  An adder (D:2)
  An ooze (D:2)
  A worm (D:2)
  17 goblins
  6 hobgoblins
  3 jackals (D:1)
  3 kobolds
  2 bats
  A frilled lizard (D:1)
  6 rats
42 creatures vanquished.

Notes
Turn   | Place    | Note
-------+----------+-------------------------------------------
     0 | D:1      | MaCx the Draconian Venom Mage began the quest for the Orb.
     0 | D:1      | Reached XP level 1. HP: 14/14 MP: 3/3
   588 | D:1      | Reached XP level 2. HP: 18/20 MP: 5/5
  1504 | D:2      | Found a shattered altar of Ashenzari.
  1504 | D:2      | Found a sacrificial altar of Ru.
  1506 | D:2      | Found a transporter.
  1526 | D:2      | Found a transporter.
  1676 | D:2      | Reached XP level 3. HP: 20/26 MP: 4/7
  1706 | D:2      | Noticed Robin
  2125 | D:2      | Killed Robin
  2125 | D:2      | Reached skill level 4 in Poison Magic
  2533 | D:2      | Reached XP level 4. HP: 29/33 MP: 8/8
  2602 | D:2      | Slain by a worm

Illustrated notes

Levels and vault maps discovered:
D:1:      saegor_arrival_simple_c, layout_loops_ring
D:2:      layout_basic, gammafunk_temple_overflow_arena, minmay_misc_feat_tower,
          uniq_robin

Skill      XL: |  1  2  3 |
---------------+----------+-----
Spellcasting   | 3 |  3.2
Poison Magic   | 4 |  4.1
Dodging        | |  1.7
Stealth        | |  1.7
Transmutations | |  1.0

Action                   |  1- 3 |  4- 6 || total
-------------------------+-------+-------++-------
Melee: Club              |    58 |    13 ||    71
       Tailslap          |     5 |       ||     5
Throw: Stone             |     6 |       ||     6
 Cast: Sting             |    54 |       ||    54
 Stab: Sleeping          |     1 |       ||     1
Armor: Skin              |    29 |     1 ||    30
Dodge: Dodged            |    77 |     6 ||    83

Table legend: (Time is in decaauts)
 A = Elapsed time spent in this place.
 B = Non-inter-level travel time spent in this place.
 C = Inter-level travel time spent in this place.
 D = Time resting spent in this place.
 E = Time spent auto-exploring this place.
 F = Levels seen in this place.
 G = Mean time per level.
                   A        B        C        D        E       F      G
               +--------+--------+--------+--------+--------+-----+--------+
         Total |   2635 |   2576 |     59 |   1092 |    905 |   2 | 1317.5 |
       Dungeon |   2635 |   2576 |     59 |   1092 |    905 |   2 | 1317.5 |
               +--------+--------+--------+--------+--------+-----+--------+

Top non-repeatable levels by time:
     D:1: 1917 daAuts
     D:2: 717 daAuts
